 Dungeon Sprint DCSS version 0.21-a0-278-ga722497 (webtiles) character file.

37399 potatolord6000 the Severer (level 13, -1/205 HPs)
             Began as a Hill Orc Fighter on Sept 20, 2017.
             Was the Champion of Beogh.
             Killed from afar by a fire giant (12 damage)
             ... with a bolt of fire
             ... in the Dungeon (Sprint VII: "The Pits").
             The game lasted 00:14:56 (3734 turns).

potatolord6000 the Severer (Hill Orc Fighter)       Turns: 3734, Time: 00:14:56

Health: -1/205     AC: 23    Str: 32    XL:     13   Next: 96%
Magic:  27/27      EV:  9    Int:  8    God:    Beogh [******]
Gold:   25         SH: 20    Dex: 13    Spells: 12/12 levels left

rFire    . . .     SeeInvis +   x - +5 war axe "Vasar" {flame, -Tele rC+ Str+3 SInv}
rCold    + . .     Gourm    .   c - +4 shield
rNeg     . . .     Faith    .   u - +4 chain mail
rPois    .         Spirit   .   (no helmet)
rElec    .         Reflect  .   (no cloak)
rCorr    .         Harm     .   a - +0 pair of gloves
MR       .....     NoTele   +   (no boots)
Stlth    ..........             s - amulet of magic regeneration
HPRegen  0.44/turn              g - +3 ring of dexterity
MPRegen  0.45/turn              h - +3 ring of protection

@: berserking, very quick
A: walk on water
a: Smiting, Recall Orcish Followers, Give Item to Named Follower, Resurrection,
Renounce Religion


You were in the Dungeon.
You worshipped Beogh.
Beogh was exalted by your worship.
You were not hungry.

You visited 1 branch You collected 25 gold pieces.

Inventory:

Hand Weapons
 x - the +5 war axe "Vasar" (weapon) {flame, -Tele rC+ Str+3 SInv}
   (You found it in the Dungeon)

   It has been specially enchanted to burn those struck by it, causing extra
   injury to most foes and up to half again as much damage against particularly
   susceptible opponents.
   Big, fiery blades are also staple armaments of hydra-hunters.
   It affects your strength (+3).
   It protects you from cold.
   It lets you see invisible.
   It prevents most forms of teleportation.
Armour
 a - a +0 pair of gloves (worn)
 c - a +4 shield (worn)
 u - a +4 chain mail (worn)
Jewellery
 g - a +3 ring of dexterity (left hand)
 h - a +3 ring of protection (right hand)
 s - an amulet of magic regeneration (around neck)
Scrolls
 k - a scroll of blinking
 m - 4 scrolls of remove curse
 n - 5 scrolls of amnesia
 o - a scroll of summoning
 y - a scroll of fear
 z - a scroll of recharging
 A - 3 scrolls of identify
 B - a scroll of fog
Potions
 b - 6 potions of curing
 i - a potion of magic
 j - a potion of berserk rage
 l - 3 potions of invisibility
 v - a potion of degeneration {unknown}
Comestibles
 d - 12 royal jellies
 f - 10 bread rations
 p - 40 fruits
 q - 4 meat rations


   Skills:
 + Level 19.1 Fighting
 + Level 20.3 Axes
 + Level 17.7 Armour
 + Level 17.8 Shields
 + Level 20.2 Invocations


You had 12 spell levels left.
You didn't know any spells.

Dungeon Overview and Level Annotations

Branches:
Dungeon (1/1)

Altars:
Ashenzari
Cheibriados
Dithmenos
Elyvilon
Fedhas
Gozag
Hepliaklqana
Kikubaaqudgha
Makhleb
Nemelex Xobeh
Okawaru
Qazlal
Ru
Sif Muna
Trog
Uskayaw
Vehumet
Wu Jian
Xom
Yredelemnul
Zin
The Shining One
Beogh
Jiyva
Lugonu


Message History

Unknown command.
Okay, then.
A red film seems to cover your vision as you go berserk!
You feel yourself moving faster!
You feel mighty!
The fire giant hits you with a great sword of flaming!
* * * LOW HITPOINT WARNING * * *
The fire giant burns you!
* * * LOW HITPOINT WARNING * * *
You block the spriggan rider's attack. The yaktaur captain hits you!
* * * LOW HITPOINT WARNING * * *
Unknown command.
You slice the orc knight!! You burn the orc knight.
The orc knight is severely wounded.
You slice the yaktaur captain!! You burn the yaktaur captain.
You hit the fire giant. You block the orc knight's attack.
The spriggan rider hits you from afar with a spear.
* * * LOW HITPOINT WARNING * * *
The fire giant gestures at you while chanting.
The bolt of fire hits you!
You die...

####''###########################
..##.............................
#.##......................)......
'.##..##############')###########
#.##..# + #..)))...# ...+ + ##..#
#.. #........# ...# # #..#
#...#######).#######...# # #..#
......c#........#....... #..#
.....No@o(...(.(.()).... #..#
.....iC#o..)....#))).... ####††#
###+##c####..####.##+### ......#
#e #### #.# ......# #. +.#
####### ## ### ## #############
.# ##..'.....').##
..##...##...##.)(#


You could see a naga warrior, a fire giant, a yaktaur captain, an orc knight, a
spriggan rider, a deep elf knight, a yaktaur, the friendly Boruk the orc knight
and the friendly Alork the orc warrior.

Vanquished Creatures
  A draconian monk (D)
  A balrug (D)
  A ghost moth (D)
  2 orc warlords (D)
  A stone giant (D)
  A red draconian (D)
  An eidolon (D)
  2 vault guards (D)
  A hydra (D)
  A merfolk avatar (D)
  A catoblepas (D)
  A death yak (D)
  A two-headed ogre (D)
  2 centaur warriors (D)
  An alligator (D)
  An orc high priest (D)
  A fire crab (D)
  A shadow wraith (D)
  A sixfirhy (D)
  A cherub (D)
  An unseen horror (D)
  A sea snake (D)
  2 deep elf magi (D)
  A wizard (D)
  4 orc knights (D)
  An ugly thing (D)
  An orc sorcerer (D)
  A molten gargoyle (D)
  An orange demon (D)
  2 black mambas (D)
  A spiny frog (D)
  2 gargoyles (D)
  A rime drake (D)
  3 yaktaurs (D)
  An ice devil (D)
  A demonic crawler (D)
  A red devil (D)
  A polar bear (D)
  A troll (D)
  A tyrant leech (D)
  A wind drake (D)
  4 blink frogs (D)
  An air elemental (D)
  2 snapping turtles (D)
  2 bog bodies (D)
  2 wraiths (D)
  A ynoxinul (D)
  3 yaks (D)
  A shadow (D)
  A chaos spawn (D)
  A hungry ghost (D)
  A steam dragon (D)
  A warg (D)
  A water moccasin (D)
  2 soldier ants (D)
  An acid dragon (D)
  A floating eye (D)
  An ogre (D)
  2 black bears (D)
  3 necrophages (D)
  A gnoll sergeant (D)
  An iron imp (D)
  Jessica (D)
  2 worker ants (D)
  6 gnolls (D)
  An adder (D)
  A river rat (D)
  An adder zombie (D)
  2 worms (D)
  2 leopard geckos (D)
  A giant cockroach (D)
  A hobgoblin (D)
  4 jackals (D)
  A frilled lizard (D)
  2 kobolds (D)
110 creatures vanquished.

Vanquished Creatures (collateral kills)
  A storm dragon (D)
  A blizzard demon (D)
  2 yaktaur captains (D)
  A minotaur (D)
  A vault guard (D)
  A catoblepas (D)
  A sun demon (D)
  A wizard (D)
  2 orc knights (D)
  A deep elf mage (D)
  A manticore (D)
  Psyche (D)
  A freezing wraith (D)
  A jumping spider (D)
  A troll (D)
  A bog body (D)
  A blink frog (D)
  2 yaks (D)
  An eye of draining (D)
  An ice beast (D)
  A gnoll (D)
  An orc (D)
  A ball python simulacrum (D)
26 creatures vanquished.

Vanquished Creatures (others)
  2 orc sorcerers (D)
  2 orc high priests (D)
  6 orc knights (D)
  An orc warrior (D)
  An orc priest (D)
  An orc wizard (D)
  4 orcs (D)
17 creatures vanquished.

Grand Total: 153 creatures vanquished

Notes
Turn   | Place    | Note
-------+----------+-------------------------------------------
     0 | D        | potatolord6000 the Hill Orc Fighter began the quest for the Orb.
     0 | D        | Reached XP level 1. HP: 19/19 MP: 1/1
    46 | D        | Found a bloodstained altar of Trog.
    46 | D        | Found a deep blue altar of Sif Muna.
    46 | D        | Found a viscous altar of Jiyva.
    46 | D        | Found a hazy altar of Hepliaklqana.
    46 | D        | Found an opulent altar of Gozag.
    47 | D        | Found a glowing golden altar of the Shining One.
    47 | D        | Found a glowing silver altar of Zin.
    47 | D        | Found a basalt altar of Yredelemnul.
    47 | D        | Found a shimmering altar of Xom.
    47 | D        | Found an ornate altar of the Wu Jian Council.
    47 | D        | Found a sacrificial altar of Ru.
    47 | D        | Found a stormy altar of Qazlal.
    47 | D        | Found an iron altar of Okawaru.
    47 | D        | Found a sparkling altar of Nemelex Xobeh.
    47 | D        | Found a burning altar of Makhleb.
    47 | D        | Found a blossoming altar of Fedhas.
    47 | D        | Found a white marble altar of Elyvilon.
    47 | D        | Found a shadowy altar of Dithmenos.
    47 | D        | Found a snail-covered altar of Cheibriados.
    49 | D        | Found a radiant altar of Vehumet.
    49 | D        | Found a corrupted altar of Lugonu.
    49 | D        | Found a roughly hewn altar of Beogh.
    51 | D        | Found an ancient bone altar of Kikubaaqudgha.
    51 | D        | Found a hide-covered altar of Uskayaw.
    51 | D        | Found a shattered altar of Ashenzari.
    59 | D        | Became a worshipper of Beogh the Brigand
    86 | D        | Reached skill level 1 in Invocations
   126 | D        | Reached * piety under Beogh
   126 | D        | Reached XP level 2. HP: 12/28 MP: 1/3
   352 | D        | Reached XP level 3. HP: 35/35 MP: 5/5
   354 | D        | Reached ** piety under Beogh
   356 | D        | Reached skill level 5 in Fighting
   359 | D        | Reached *** piety under Beogh
   359 | D        | Reached skill level 5 in Axes
   359 | D        | Reached XP level 4. HP: 22/42 MP: 5/7
   359 | D        | Reached skill level 5 in Armour
   553 | D        | Noticed Jessica
   553 | D        | Noticed a gnoll sergeant
   562 | D        | Killed Jessica
   562 | D        | Reached skill level 5 in Shields
   574 | D        | Killed a gnoll sergeant
   574 | D        | Reached skill level 5 in Invocations
   574 | D        | Reached XP level 5. HP: 36/51 MP: 7/9
   581 | D        | Noticed a necrophage
   581 | D        | Reached **** piety under Beogh
   596 | D        | Killed a necrophage
   596 | D        | Reached ***** piety under Beogh
   596 | D        | Reached XP level 6. HP: 45/61 MP: 9/11
   705 | D        | Noticed a wraith
   729 | D        | Killed a wraith
   729 | D        | Reached XP level 7. HP: 56/69 MP: 11/13
   804 | D        | Noticed a centaur warrior
   804 | D        | Noticed a wraith
   807 | D        | Killed a centaur warrior
   807 | D        | Reached skill level 10 in Fighting
   807 | D        | Reached skill level 10 in Axes
   807 | D        | Reached skill level 10 in Invocations
   807 | D        | Reached XP level 8. HP: 62/80 MP: 7/15
   823 | D        | Killed a wraith
   823 | D        | Reached skill level 10 in Armour
  1054 | D        | Noticed an orc sorcerer
  1055 | D        | Noticed a death yak
  1057 | D        | Reached ****** piety under Beogh
  1057 | D        | Reached skill level 10 in Shields
  1066 | D        | Killed an orc sorcerer
  1066 | D        | Reached XP level 9. HP: 61/89 MP: 17/17
  1079 | D        | Killed a death yak
  1214 | D        | Noticed an orange demon
  1226 | D        | Killed an orange demon
  1236 | D        | Reached XP level 10. HP: 85/99 MP: 19/19
  1246 | D        | Noticed Psyche
  1248 | D        | Paralysed by Psyche for 4 turns
  1255 | D        | Killed Psyche
  1512 | D        | Noticed a gargoyle
  1512 | D        | Noticed a spiny frog
  1522 | D        | Killed a spiny frog
  1528 | D        | Killed a gargoyle
  1883 | D        | Noticed a wizard
  1887 | D        | Killed a wizard
  1914 | D        | Killed a shadow wraith
  1914 | D        | Reached XP level 11. HP: 59/110 MP: 18/21
  1924 | D        | Noticed an orc high priest
  1985 | D        | Noticed a four-headed hydra
  1987 | D        | Killed a four-headed hydra
  1987 | D        | Reached skill level 15 in Axes
  2175 | D        | Noticed a deep elf mage
  2176 | D        | Noticed a two-headed ogre
  2178 | D        | Noticed a sea snake
  2178 | D        | Killed a deep elf mage
  2178 | D        | Reached skill level 15 in Invocations
  2192 | D        | Killed a sea snake
  2197 | D        | Reached skill level 15 in Fighting
  2204 | D        | Gained Boruk as an ally
  2206 | D        | Killed a two-headed ogre
  2331 | D        | Got the +5 war axe "Vasar" {flame, -Tele rC+ Str+3 SInv}
  2425 | D        | Noticed a ghost moth
  2425 | D        | Noticed a catoblepas
  2430 | D        | Killed a catoblepas
  2443 | D        | Killed a ghost moth
  2443 | D        | Reached XP level 12. HP: 78/122 MP: 0/24
  2606 | D        | Noticed an alligator
  2614 | D        | Killed an alligator
  2623 | D        | Noticed a sun demon
  2633 | D        | Killed a sun demon
  2911 | D        | Noticed a storm dragon
  2911 | D        | Noticed a minotaur
  2911 | D        | Noticed a balrug
  2911 | D        | Noticed a black draconian monk
  2911 | D        | Noticed a stone giant
  2911 | D        | Noticed a red draconian
  2916 | D        | Killed a storm dragon
  2916 | D        | Reached skill level 15 in Armour
  2916 | D        | Reached skill level 15 in Shields
  2919 | D        | Killed a balrug
  2927 | D        | Killed a black draconian monk
  2931 | D        | Killed a minotaur
  2935 | D        | Killed a stone giant
  2943 | D        | Killed a red draconian
  2958 | D        | Got the +4 glaive of Mutryof {vamp, Stlth+}
  2964 | D        | Got the amulet of Ymawkiohywk {Harm *Drain rC++ MR+ MP-9 Dex+4}
  3227 | D        | Reached XP level 13. HP: 132/132 MP: 26/26
  3246 | D        | Noticed an eidolon
  3251 | D        | Killed an eidolon
  3280 | D        | Gained Alork as an ally
  3642 | D        | Noticed an orc warlord
  3642 | D        | Noticed an orc warlord
  3644 | D        | Killed an orc warlord
  3649 | D        | Killed an orc warlord
  3649 | D        | Your ally Alork died
  3688 | D        | Noticed a yaktaur captain
  3690 | D        | Noticed a vault guard
  3692 | D        | Noticed a yaktaur captain
  3695 | D        | Killed a vault guard
  3698 | D        | Noticed a vault guard
  3699 | D        | Noticed a blizzard demon
  3700 | D        | Killed a yaktaur captain
  3701 | D        | Killed a yaktaur captain
  3703 | D        | Killed a vault guard
  3708 | D        | Killed a blizzard demon
  3717 | D        | Noticed a vault guard
  3721 | D        | Noticed a fire giant
  3722 | D        | Noticed a yaktaur captain
  3727 | D        | Killed a vault guard
  3734 | D        | Killed from afar by a fire giant

Vault maps used:
D:        pitsprint

Skill      XL: |  1  2  3  4  5  6  7  8  9 10 11 12 13 |
---------------+----------------------------------------+-----
Axes           | 3 4 5 6 7 8 10 11 13 14 16 18 20 | 20.3
Invocations    | 2 4 5 7 8 10 11 12 14 16 18 20 | 20.2
Fighting       | 4 5 6 7 8 10 11 12 14 15 17 19 | 19.1
Armour         | 4 6 7 9 10 11 12 14 16 17 | 17.7
Shields        | 4 5 6 7 9 10 11 12 14 16 17 | 17.8

Action                   |  1- 3 |  4- 6 |  7- 9 | 10-12 | 13-15 || total
-------------------------+-------+-------+-------+-------+-------++-------
Melee: War axe           |    39 |    66 |    40 |    66 |   107 ||   318
       Broad axe         |       |       |    38 |    67 |       ||   105
Invok: Smiting           |       |       |     3 |    21 |     8 ||    32
       Resurrection      |       |       |     1 |     1 |     2 ||     4
       Give Item to Name |       |       |       |     1 |       ||     1
  Use: Potion            |     4 |     1 |     2 |    19 |     8 ||    34
       Scroll            |       |       |       |     4 |       ||     4
 Stab: Petrified         |       |       |       |     4 |       ||     4
       Distracted        |       |       |       |       |     3 ||     3
  Eat: Meat ration       |       |       |     1 |     2 |       ||     3
Armor: Scale mail        |    13 |       |       |       |       ||    13
       Chain mail        |       |    31 |    37 |   112 |    24 ||   204
Dodge: Dodged            |    13 |    22 |    20 |    52 |     8 ||   115
Block: Shield            |    15 |    31 |    57 |   134 |    66 ||   303

Table legend:
 A = Spawn XP
 B = Non-spawn XP
 C = Spawn XP percentage of total XP
 D = Spawn monster count
 E = Non-spawn monster count
 F = Spawn count percentage of total count
 G = Total turns spent on level
                    A         B        C        D         E        F      G
               +---------+---------+-------+---------+---------+-------+---------
         Total |       0 |   53428 |   0.0 |       0 |     136 |   0.0 |  3734
               +---------+---------+-------+---------+---------+-------+---------
             D |       0 |   53428 |   0.0 |       0 |     136 |   0.0 |  3734
               +---------+---------+-------+---------+---------+-------+---------
